 Dungeon Crawl Stone Soup version 0.28.0-43-g3370ac3207 (webtiles) character file.

Game seed: 3521763193736291201

252 pkoi the Insei (level 5, -6/45 HPs)
             Began as a Draconian Monk on Mar 15, 2022.
             Mangled by an ogre
             ... wielding a +0 giant spiked club
              (18 damage)
             ... on level 3 of the Dungeon.
             The game lasted 00:03:56 (2717 turns).

pkoi the Insei (Draconian Monk)                     Turns: 2717, Time: 00:03:56

Health: -6/45      AC:  5    Str: 13    XL:     5   Next: 89%
Magic:  5/5        EV: 12    Int: 12    God:
Gold:   183        SH:  0    Dex: 14    Spells: 4/4 levels left

rFire   . . .      SeeInvis .     - Unarmed
rCold   . . .      Faith    .   (no shield)
rNeg    . . .      Spirit   .   (armour unavailable)
rPois   .          Reflect  .   (helmet restricted)
rElec   .          Harm     .   (no cloak)
rCorr   .          Rampage  .   (no gloves)
Will    .....                   (no boots)
Stlth   ++........              (no amulet)
HPRegen 0.15/turn               (no ring)
MPRegen 0.09/turn               (no ring)

@: no status effects
A: AC +5, unfitting armour, cold-blooded
a: no special abilities


You were on level 3 of the Dungeon.
You visited 1 branch of the dungeon, and saw 4 of its levels.

You collected 183 gold pieces.

Inventory:

Scrolls
 a - 2 scrolls of teleportation
 e - a scroll of enchant weapon
 f - 3 scrolls of identify
Potions
 b - a potion of heal wounds
 c - a potion of berserk rage {unknown}
 g - 2 potions of brilliance


   Skills:
 - Level 3.2 Fighting
 - Level 2.6 Dodging
 - Level 1.7 Stealth
 + Level 6.7 Unarmed Combat


You had 4 spell levels left.
You didn't know any spells.
Your spell library contained the following spells:

 Spells                   Type           Power      Damage    Failure   Level
 Ensorcelled Hibernation  Hex/Ice        0%         N/A       45%         2
 Spider Form              Tmut/Pois      0%         N/A       69%         3
 Anguish                  Hex/Necr       0%         N/A       97%         4


Dungeon Overview and Level Annotations

Branches:
Dungeon (4/15)
 Temple: D:4-7

Altars:


Innate Abilities, Weirdness & Mutations

Your plain brown scales are hard. (AC +5)
You cannot fit into any form of body armour.
You are cold-blooded and may be slowed by cold attacks.


Message History

A kobold comes into view.
It is wielding a +0 club and quivering poisoned darts.
The kobold shouts!
The kobold hits you but does no damage.
You hit the kobold.
You kill the kobold!
Things that are here:
a +0 club; 6 poisoned darts You see here 19 stones.
Found a stone staircase leading down.
An ogre comes into view. It is wielding a +0 giant spiked club.
An ogre is nearby!
The ogre shouts!
Found a stone staircase leading down.
A worm comes into view.
Found an escape hatch in the floor.
Found a stone staircase leading up.
There is a stone staircase leading up here.
There is an escape hatch in the floor here.
The helpless worm fails to defend itself.
You punch the worm!
The worm is heavily wounded.
There is a stone staircase leading up here.
The ogre closely misses you. The worm closely misses you.
You climb upwards.
There is a stone staircase leading down here.
The worm closely misses you.
Okay, then.
Unknown command.
You barely miss the ogre.
The ogre hits you with a +0 giant spiked club!
You barely miss the ogre. You punch the ogre.
The ogre is lightly wounded.
You hit the ogre.
Your tail-slap misses the ogre.
The ogre is moderately wounded.
The ogre hits you with a +0 giant spiked club!!
Ouch! That really hurt!
* * * LOW HITPOINT WARNING * * *
You hit the ogre. You tail-slap the ogre.
The ogre is heavily wounded.
The ogre hits you with a +0 giant spiked club!!
You die...

.##....############.#
....#...............#
.....<...############
.....#...#####
.......#.....####
..#..#######....###########
......#########...........#
.####........######.......#
######........wO@.........#
......>......######.......#
.#####.......# #.......#
...###.......# #......(#
##...........# #########
######.......#
..####.......##
.....#........#
.###..........#######


You could see an ogre and a worm.

Vanquished Creatures
  A black bear (D:4)
  A howler monkey (D:4)
  A bullfrog skeleton (D:3)
  3 gnolls (D:4)
  An adder (D:4)
  An orc (D:3)
  4 ball pythons
  4 endoplasms
  A giant cockroach (D:2)
  6 hobgoblins
  2 quokkas
  8 bats
  4 frilled lizards (D:1)
  10 goblins
  7 kobolds
  8 rats
62 creatures vanquished.

Notes
Turn   | Place    | Note
-------+----------+-------------------------------------------
     0 | D:1      | pkoi the Draconian Monk began the quest for the Orb.
     0 | D:1      | Reached XP level 1. HP: 19/19 MP: 1/1
   236 | D:1      | Reached XP level 2. HP: 19/26 MP: 2/2
   447 | D:1      | Found a faded altar of an unknown god.
   592 | D:1      | Reached skill level 4 in Unarmed Combat
   887 | D:2      | Reached XP level 3. HP: 31/31 MP: 3/3
  1751 | D:3      | Reached skill level 5 in Unarmed Combat
  1751 | D:3      | Reached XP level 4. HP: 31/38 MP: 4/4
  2407 | D:4      | Noticed a black bear
  2421 | D:4      | Killed a black bear
  2422 | D:4      | Reached skill level 6 in Unarmed Combat
  2422 | D:4      | Reached XP level 5. HP: 45/45 MP: 5/5
  2667 | D:4      | Noticed an ogre
  2717 | D:3      | Mangled by an ogre

Illustrated notes

Levels and vault maps discovered:
D:1:      dpeg_arrival_orchard, layout_rooms, hellmonk_ecumenical_altar_run_dry,
          st_stairs_6, nrook_mini_vaults
D:2:      layout_rooms, serial_forest, infiniplex_forest_end_2,
          infiniplex_forest_clump_small, infiniplex_forest_zigzag_1,
          infiniplex_forest_straight_2, infiniplex_forest_join
D:3:      layout_rooms
D:4:      nicolae_cairo_tiling_large_dashed, layout_loops_ring,
          amcnicky_mini_pool_small

Skill      XL: |  1  2  3  4 |
---------------+-------------+-----
Unarmed Combat | 4 5 6 |  6.7
Fighting       | |  3.2
Dodging        | |  2.6
Stealth        | |  1.7

Action                   |  1- 3 |  4- 6 || total
-------------------------+-------+-------++-------
Melee: Unarmed           |   151 |    46 ||   197
       Tailslap          |    15 |     5 ||    20
       Punch             |     7 |     5 ||    12
  Use: Potion            |       |     3 ||     3
       Scroll            |       |     6 ||     6
 Stab: Sleeping          |     1 |     3 ||     4
Armor: Skin              |    66 |    36 ||   102
Dodge: Dodged            |   101 |    19 ||   120
